 Dungeon Crawl Stone Soup version 0.30-a0-172-gc5509c9e31 (webtiles) character file.

Game seed: 7508430938719408950

107 qw the Chopper (level 4, -2/28 HPs)
             Began as a Gargoyle Fighter on Oct 1, 2022.
             Slain by Sigmund
             ... wielding a +6 scythe of distortion
              (3 damage)
             ... on level 3 of the Dungeon.
             The game lasted 00:00:48 (1781 turns).

qw the Chopper (Gargoyle Fighter)                   Turns: 1781, Time: 00:00:49

Health: -2/28      AC: 16    Str: 21    XL:     4   Next: 86%
Magic:  4/4        EV:  7    Int:  9    God:
Gold:   115        SH:  4    Dex:  9    Spells: 3/3 levels left

rFire   . . .      SeeInvis .    Y - +0 war axe (protect)
rCold   . . .      Faith    .    c - +0 buckler
rNeg    + . .      Spirit   .    h - +0 chain mail
rPois   inf        Reflect  .    (no helmet)
rElec   +          Harm     .    (no cloak)
rCorr   .          Rampage  .    (no gloves)
Will    +....                    (no boots)
Stlth   ..........               (no amulet)
HPRegen 0.24/turn                m - +4 ring of protection
MPRegen 0.09/turn                g - ring of willpower

@: no status effects
A: sickness immunity, AC +3, negative energy resistance 1, electricity
resistance, torment resistance 1, petrification resistance
a: no special abilities


You were on level 3 of the Dungeon.
You visited 1 branch of the dungeon, and saw 3 of its levels.

You collected 115 gold pieces.


Innate Abilities, Weirdness & Mutations

You are immune to sickness and miasma.
Your stone body is resilient. (AC +3)
You are immune to poison.
You resist negative energy. (rN+)
You are resistant to electric shocks. (rElec)
You are resistant to unholy torment.
You are immune to petrification.


   Skills:
 - Level 3.2 Fighting
 + Level 4.4 Axes
 - Level 3.2 Armour
 - Level 3.2 Shields


You had 3 spell levels left.
You didn't know any spells.
Your spell library was empty.

Inventory:

Hand Weapons
 b - a +0 flail
 Y - a +0 war axe of protection (weapon)
Armour
 c - a +0 buckler (worn)
 h - a +0 chain mail (worn)
Jewellery
 g - a ring of willpower (right hand)
 m - a +4 ring of protection (left hand)
Scrolls
 f - a scroll of acquirement {unknown}
 k - a scroll of fear {unknown}
Potions
 a - a potion of attraction {unknown}
 d - 2 potions of might
 e - a potion of lignification {unknown}
 i - a potion of curing {unknown}
 j - a potion of degeneration {unknown}
 l - a potion of cancellation {unknown}

Dungeon Overview and Level Annotations

Branches:
Dungeon (3/15)

Altars:
Ru

Annotations:
D:3 Sigmund


Message History

You hit the orc.
The orc is almost dead.
The orc closely misses you.
You slash the orc!
You kill the orc!
You barely miss the orc.
Sigmund gestures wildly while chanting.
Sigmund flickers and vanishes!
The orc barely misses you. The orc hits you but does no damage. x2
You closely miss the orc.
The orc is lightly wounded.
You barely miss the orc. The orc hits you but does no damage. x2
You closely miss the orc.
The orc is lightly wounded.
You hit the orc. The orc barely misses you.
The orc hits you but does no damage.
You slash the orc!
You kill the orc!
You hit the orc. The orc hits you but does no damage. x2
You hit the orc.
You kill the orc!
Something hits you. Space warps horribly around you!!
Ouch! That really hurt!
Deactivating autopickup; reactivate with Ctrl-A.
You swing at nothing.
Something hits you.
You blink.
You swing at nothing.
You swing at nothing.
A puff of flame appears from out of thin air!
The puff of flame misses you.
You swing at nothing.
You swing at nothing.
You hear some strange, mumbled words.
A puff of flame appears from out of thin air!
The puff of flame hits you.
You swing at nothing.
Something hits you.
You die...

###..#
##.#####
###.....#
.#####...))..#
.........~...#
#....(~~~~~~.#
#.....~..~...#
#..#..~..~...#
~. #_|~...{.@#
# #####.....#
.~......#
.#..#...# #.
#...# # ###.#
..# ..#


There were no monsters in sight!

Vanquished Creatures
  4 gnolls (D:2)
  2 adders
  3 orcs (D:3)
  5 bats (D:2)
  3 endoplasms
  4 giant cockroaches
  6 goblins
  4 hobgoblins
  3 kobolds (D:2)
  A quokka (D:2)
  3 ball pythons
  4 frilled lizards
  4 rats
46 creatures vanquished.

Notes
Turn   | Place    | Note
-------+----------+-------------------------------------------
     0 | D:1      | qw the Gargoyle Fighter began the quest for the Orb.
     0 | D:1      | Reached XP level 1. HP: 14/14 MP: 1/1
     0 | D:1      | 0 ||| qw: Version: 0.2-a-13-gfc7b4b4
     0 | D:1      | 0 ||| qw: Game counter: 1830
     0 | D:1      | 0 ||| qw: Always use a shield: true
     0 | D:1      | 0 ||| qw: God list: Okawaru
     0 | D:1      | 0 ||| qw: Allow faded altars: false
     0 | D:1      | 0 ||| qw: Do Orc after D:15 true
     0 | D:1      | 0 ||| qw: Do second Lair branch before Depths: true
     0 | D:1      | 0 ||| qw: Lair rune preference: random
     0 | D:1      | 0 ||| qw: Plans: Normal, Zot:1-4, God:TSO, Crypt, Tomb,
                  | Pan, Slime:5, Hells, Abyss, Orb
     0 | D:1      | 0 ||| PLANNING D:1-11
    36 | D:1      | Reached skill level 2 in Axes
   149 | D:1      | Reached XP level 2. HP: 16/19 MP: 2/2
   195 | D:1      | Found a faded altar of an unknown god.
   419 | D:1      | 419 ||| Stepping ~*~*~tactically~*~*~ (stealth).
   629 | D:1      | 629 ||| UPGRADING to +0 chain mail.
   639 | D:1      | 639 ||| DROPPING +0 scale mail.
   641 | D:1      | 641 ||| UPGRADING to +4 ring of protection.
   642 | D:1      | 642 ||| READING scroll labelled ZESHREI YT FAQAN.
   643 | D:1      | 643 ||| READING scroll labelled KILLYC TAPE.
   644 | D:1      | 644 ||| READING scroll labelled NITRAU CO YLU.
   818 | D:2      | 818 ||| Stepping ~*~*~tactically~*~*~ (stealth).
   830 | D:2      | Reached skill level 3 in Axes
   866 | D:2      | Reached XP level 3. HP: 21/23 MP: 3/3
  1036 | D:2      | 1036 ||| DROPPING +0 club.
  1189 | D:2      | 1189 ||| Stepping ~*~*~tactically~*~*~ (hiding).
  1190 | D:2      | 1190 ||| Stepping ~*~*~tactically~*~*~ (hiding).
  1206 | D:2      | Reached XP level 4. HP: 16/28 MP: 4/4
  1229 | D:2      | 1229 ||| FLEEEEING.
  1233 | D:2      | Reached skill level 4 in Axes
  1233 | D:2      | 1233 ||| FLEEEEING.
  1236 | D:2      | 1236 ||| FLEEEEING.
  1237 | D:2      | 1237 ||| FLEEEEING.
  1238 | D:2      | 1238 ||| FLEEEEING.
  1239 | D:2      | 1239 ||| FLEEEEING.
  1240 | D:2      | 1240 ||| FLEEEEING.
  1241 | D:2      | 1241 ||| FLEEEEING.
  1242 | D:2      | 1242 ||| FLEEEEING.
  1243 | D:2      | 1243 ||| FLEEEEING.
  1244 | D:2      | 1244 ||| FLEEEEING.
  1245 | D:2      | 1245 ||| FLEEEEING.
  1246 | D:2      | 1246 ||| STAIRDANCE
  1268 | D:1      | 1268 ||| DROPPING orb of light.
  1269 | D:1      | 1269 ||| UPGRADING to ring of willpower.
  1270 | D:1      | 1270 ||| READING scroll labelled OFEHO VYTHAUD.
  1271 | D:1      | 1271 ||| READING scroll labelled FUR OCOHYZE.
  1272 | D:1      | 1272 ||| READING scroll labelled YKUOLAFE VUMNU.
  1281 | D:2      | 1281 ||| DROPPING +0 whip.
  1643 | D:2      | 1643 ||| READING scroll labelled SUEMOHUNKI.
  1759 | D:3      | Noticed Sigmund
  1763 | D:3      | Found a sacrificial altar of Ru.
  1775 | D:3      | HP: 4/28 [something (18)]
  1780 | D:3      | HP: 1/28 [something/puff of flame (3)]
  1781 | D:3      | Slain by Sigmund

Levels and vault maps discovered:
D:1:      lightli_molten_gateway, layout_loops_ring,
          hellmonk_ecumenical_altar_crossroads
D:2:      layout_basic, kennysheep_donut, moated_statue
D:3:      layout_rooms, hangedman_ru_absence, mainiacjoe_overflow_chevrons,
          serial_shops, shop, uniq_sigmund, uniq_jessica, uniq_grinder

Skill      XL: |  1  2  3  4 |
---------------+-------------+-----
Axes           | 2 3 4 |  4.4
Fighting       | |  3.2
Armour         | |  3.2
Shields        | |  3.2

Action                   |  1- 3 |  4- 6 || total
-------------------------+-------+-------++-------
Melee: War axe           |   110 |    48 ||   158
  Use: Scroll            |     3 |     4 ||     7
Armor: Scale mail        |     8 |       ||     8
       Chain mail        |    56 |    29 ||    85
Dodge: Dodged            |    40 |    19 ||    59
Block: Buckler           |    21 |     6 ||    27

Table legend:
 A = Non-vault XP
 B = Vault XP
 C = Vault XP percentage of total XP
 D = Non-vault monster count
 E = Vault monster count
 F = Vault count percentage of total count
                 A         B        C        D         E       F
            +---------+---------+-------+---------+---------+-------
      Total |     154 |       0 |   0.0 |      46 |       0 |   0.0
            +---------+---------+-------+---------+---------+-------
        D:1 |      25 |       0 |   0.0 |      15 |       0 |   0.0
        D:2 |     101 |       0 |   0.0 |      23 |       0 |   0.0
        D:3 |      28 |       0 |   0.0 |       8 |       0 |   0.0
            +---------+---------+-------+---------+---------+-------
